 Dungeon Crawl Stone Soup version 0.22-a0-322-g60b3cfd (webtiles) character file.

123258 Serpenta the Shatterer (level 16, -8/165 HPs)
             Began as an Ogre Chaos Knight on Apr 3, 2018.
             Mangled by an alligator (15 damage)
             ... on level 3 of the Swamp on Apr 4, 2018.
             The game lasted 01:18:03 (37107 turns).

Serpenta the Shatterer (Ogre Chaos Knight)         Turns: 37107, Time: 01:18:03

Health: -8/165     AC: 14    Str: 20    XL:     16   Next: 90%
Magic:  20/20      EV: 18    Int: 15    God:    Xom [....*.]
Gold:   1987       SH:  0    Dex: 15    Spells: 4/15 levels left

rFire    + . .     SeeInvis .   t - +5 giant spiked club (crush)
rCold    + + .     Gourm    .   (shield currently unavailable)
rNeg     . . .     Faith    .   j - +0 acid dragon scales
rPois    +         Spirit   .   s - +2 hat
rElec    .         Reflect  .   o - +1 cloak
rCorr    +         Harm     .   (gloves unavailable)
MR       ++...                  (boots unavailable)
Stlth    +.........             g - amulet of rage
HPRegen  0.37/turn              E - +3 ring of protection
MPRegen  0.17/turn              R - ring of poison resistance

@: lethally poisoned (-8 -> -12), drained
A: large, unfitting armour, repulsion field 1, agile 1, clever 1, cold
resistance 2, fire resistance 1, magic resistance 1, mutation resistance 2,
tough skin 1, wild magic 1
a: Renounce Religion, Evoke Berserk Rage


You were on level 3 of the Swamp.
You worshipped Xom.
You were a beloved toy of Xom.
You were not hungry.

You visited 4 branches of the dungeon, and saw 26 of its levels.
You also visited: Labyrinth.

You collected 3694 gold pieces.
You spent 1707 gold pieces at shops.


Innate Abilities, Weirdness & Mutations

You are too large for most types of armour.
You have tough skin. (AC +1)
You are surrounded by a mild repulsion field. (EV +2)
You are agile. (Dex +2)
Your mind is acute. (Int +2)
Your flesh is very cold resistant. (rC++)
Your flesh is heat resistant. (rF+)
You are resistant to hostile enchantments. (MR+)
You are somewhat resistant to both further mutation and mutation removal.
Your spells are a little harder to cast, but a little more powerful.


   Skills:
 - Level 12.0(11.8) Fighting
 + Level 21.4(21.2) Maces & Flails
 - Level 10.5(10.4) Dodging
 - Level 6.0(5.9) Evocations


You had 4 spell levels left.
You knew the following spells:

 Your Spells              Type           Power        Failure   Level  Hunger
a - Apportation           Tloc           #.....       43%         1    ##.....
b - Blink                 Tloc           N/A          56%         2    ###....
r - Regeneration          Chrm/Necr      #.........   78%         3    ####...
A - Passwall              Tmut/Erth      #.........   56%         2    ###....
B - Lesser Beckoning      Tloc           #.........   78%         3    ####...

Action                   |  1- 3 |  4- 6 |  7- 9 | 10-12 | 13-15 | 16-18 || total
-------------------------+-------+-------+-------+-------+-------+-------++-------
Melee: Mace              |    93 |     3 |       |       |       |       ||    96
       Whip              |       |   228 |       |       |       |       ||   228
       Giant spiked club |       |       |   295 |   606 |  1087 |   373 ||  2361
       Headbutt          |       |       |    23 |   103 |   217 |    59 ||   402
       Kick              |       |       |       |    28 |   392 |    98 ||   518
Throw: Tomahawk          |       |       |    15 |    13 |       |       ||    28
       Large rock        |       |       |       |     1 |     3 |     1 ||     5
 Abil: Evoke Berserk Rag |       |       |     2 |     4 |       |       ||     6
Evoke: Wand              |       |     3 |     8 |    12 |    16 |     5 ||    44
  Use: Scroll            |     2 |     2 |     8 |    12 |     7 |     8 ||    39
       Potion            |     2 |       |       |       |     3 |     5 ||    10
 Stab: Sleeping          |     1 |       |     1 |       |     7 |       ||     9
       Paralysed         |     4 |       |     4 |     7 |     9 |       ||    24
       Distracted        |       |       |     1 |       |     3 |       ||     4
       Confused          |       |       |       |       |     1 |       ||     1
       Invisible         |       |       |       |       |       |     7 ||     7
       Petrified         |       |       |       |       |       |     3 ||     3
  Eat: Chunk             |     3 |     8 |    10 |    25 |    29 |    10 ||    85
       Ration            |       |       |     3 |     4 |     5 |     2 ||    14
Armor: Robe              |    43 |    73 |   174 |   115 |       |       ||   405
       Acid dragon scale |       |       |       |   255 |   344 |   131 ||   730
Dodge: Dodged            |    54 |    98 |   222 |   295 |   665 |   318 ||  1652

Inventory:

Hand Weapons
 t - a +5 giant spiked club of crushing (weapon)
Missiles
 A - 2 throwing nets
 J - a large rock (quivered)
Armour
 b - a +2 robe
 e - a +0 troll leather armour
 j - +0 acid dragon scales (worn)
 o - a +1 cloak (worn)
 s - a +2 hat (worn)
Jewellery
 g - an amulet of rage (around neck)
 h - an uncursed ring of positive energy
 k - an uncursed ring of wizardry
 u - the ring of Sin {rC+ MR+ Str+5 Dex+4 Stlth+}
   (You bought it in a shop on level 2 of the Orcish Mines)

   [ring of protection from cold]

   It affects your strength (+5).
   It affects your dexterity (+4).
   It protects you from cold.
   It affects your resistance to hostile enchantments.
   It makes you more stealthy.
 E - a +3 ring of protection (left hand)
 G - an uncursed ring of resist corrosion
 R - a ring of poison resistance (right hand)
 S - an uncursed ring of protection from magic
 V - an uncursed ring of see invisible
 W - an uncursed ring of protection from fire
Wands
 p - a wand of enslavement (8)
 q - a wand of paralysis (26)
 C - a wand of polymorph (21)
 D - a wand of iceblast (4)
 L - a wand of digging (10)
 M - a wand of acid (4)
 P - a wand of disintegration (27) {god gift}
 U - a wand of scattershot (4)
Scrolls
 d - 3 scrolls of teleportation
 l - 13 scrolls of remove curse
 v - 16 scrolls of identify
 w - a scroll of fog
 y - 6 scrolls of magic mapping
 B - 3 scrolls of blinking
 F - 4 scrolls of amnesia
 T - 4 scrolls of enchant armour
Potions
 a - 4 potions of brilliance
 f - 3 potions of haste
 i - a potion of mutation
 m - 4 potions of flight
 n - 6 potions of curing
 r - a potion of cancellation
 z - a potion of agility
 I - 2 potions of lignification
 K - a potion of ambrosia
 O - 2 potions of heal wounds
 Q - a potion of resistance {god gift}
Comestibles
 c - 27 rations
 x - 4 chunks of flesh {@w1}

..≈..♣♣ ...≈..♣
#.....♣ #....≈♣♣
#.%....♣ #..≈..≈♣
#..≈≈.≈♣ ♣ ....#
#..ty.≈♣ ♣♣....#
#..@.≈.♣
≈i)≈...#.##+##...†§≈♣
.≈≈≈♣..........♣.≈.♣♣
.≈≈♣♣♣........♣♣.≈.♣♣
≈..♣ ♣♣...≈..≈.≈..≈.♣
)?♣ ♣♣..≈.≈≈≈...≈≈♣
.♣ ♣♣≈≈≈.♣.....♣♣ .♣
♣≈≈≈§.≈.♣♣♣♣ ♣♣
*...♣≈..≈♣


You could see an alligator and a hornet.

Vanquished Creatures
  2 orc warlords
  2 entropy weavers (Lair:4)
  Nessos (Lair:4)
  A minotaur (Lab)
  An ettin (Orc:2)
  Harold (D:10)
  A ghost crab (Swamp:2)
  2 vault guards (D:14)
  11 hydras
  A catoblepas (Lair:6)
  A deep troll shaman (Lair:6)
  A centaur warrior (D:14)
  7 alligators
  8 two-headed ogres
  A queen ant (Lair:4)
  9 death yaks
  4 orc high priests (Orc:2)
  Sonja (Lair:4)
  2 skeletal warriors
  An unseen horror (D:13)
  3 swamp dragons
  6 orc knights
  A spriggan druid (Swamp:3)
  A lindwurm (Lair:5)
  3 necromancers
  2 wizards (D:14)
  3 oklob plants (Lair:2)
  3 orc sorcerers (Orc:2)
  4 ugly things
  A wolf spider zombie (D:13)
  A cyclops (D:11)
  5 deep elf magi
  2 manticores
  Maurice (D:9)
  14 elephants (Lair:6)
  4 black mambas
  2 gargoyles
  Joseph (D:10)
  Psyche (D:11)
  A torpor snail (Lair:6)
  A water nymph (D:11)
  3 centaur zombies
  14 spiny frogs
  8 komodo dragons
  A freezing wraith (D:14)
  3 rime drakes
  A yaktaur (D:14)
  9 trolls
  17 wolves
  2 polar bears
  3 hornets (Swamp:1)
  8 tyrant leeches
  17 blink frogs
  19 slime creatures
  10 hippogriffs
  5 bog bodies (Swamp:1)
  8 dream sheep
  3 shadows
  4 spriggans
  6 wyverns
  A water elemental (D:14)
  A wraith (D:14)
  A hog (Lair:3)
  20 humans (D:14)
  A basilisk (Lair:1)
  48 yaks
  2 steam dragons (D:11)
  4 hungry ghosts
  3 wargs
  16 vampire mosquitoes
  5 nagas (Lair:3)
  24 soldier ants (Lair:4)
  8 swamp worms
  3 acid dragons
  5 insubstantial wisps (Swamp:1)
  16 water moccasins
  6 porcupines
  A sky beast (D:10)
  7 swamp drakes
  6 ice beasts
  23 orc warriors
  5 black bears
  2 necrophages (D:6)
  2 eyes of draining (D:12)
  5 phantoms
  12 ogres
  7 centaurs
  12 crocodiles
  The ghost of sexinstructor the Skirmisher, an amateur GrFi (D:3)
  3 big kobolds
  6 bullfrogs
  A water moccasin skeleton (D:11)
  2 scorpions
  11 killer bees
  10 wights
  A bullfrog zombie (D:12)
  10 crimson imps
  2 quasits
  7 hounds
  4 bullfrog skeletons
  Crazy Yiuf (D:6)
  3 centaur skeletons
  28 orc priests
  9 jellies
  27 orc wizards
  7 iguanas
  Terence (D:3)
  31 worker ants
  6 yak simulacra (D:13)
  A wolf simulacrum (D:13)
  Robin (D:3)
  2 howler monkey skeletons
  3 adders
  4 gnolls (Orc:1)
  3 shadow imps
  An adder zombie (D:9)
  12 oozes
  2 worms
  4 dart slugs
  10 leopard geckos
  78 orcs
  10 bats
  10 giant cockroaches
  20 goblins
  10 hobgoblins
  16 jackals
  3 quokkas
  2 frilled lizards
  13 kobolds
  2 quokka skeletons
  A quokka zombie (D:9)
  7 rats
  4 river rat simulacra (D:13)
895 creatures vanquished.

Vanquished Creatures (collateral kills)
  Grum (D:10)
  An orc warrior (D:6)
  An ogre (D:4)
  2 wolves (D:10)
  A bullfrog (D:10)
  An orc wizard (D:4)
  5 killer bees (D:7)
  A bullfrog skeleton (D:10)
  A leopard gecko (D:6)
  3 orcs (D:10)
  A kobold (D:8)
  A leopard gecko zombie (D:6)
19 creatures vanquished.

Vanquished Creatures (others)
  A two-headed ogre (D:10)
  A killer bee (D:7)
  A centaur (D:8)
  An orc (D:6)
  22 fungi
  6 plants
32 creatures vanquished.

Grand Total: 946 creatures vanquished

Vault maps used:
D:1:      kennysheep_arrival_seaside, st_stairs_3, chequers_big_river,
          grunt_decor_clamped
D:2:      grunt_qazlal_sundering
D:3:      kennysheep_goblin_castle, minmay_misc_feat_plants, led_xom_imps,
          uniq_terence
D:4:      minmay_temple_entry_butterflies, nicolae_elemental_shop
D:5:      first_ration, minivault_11
D:6:      trog_ov_bears_minmay, st_stairs_1, uniq_crazy_yiuf_cottage
D:7:      lemuel_slime, hangedman_decor_lopped, the_bakery, nrook_uturn
D:8:      basic_altar
D:9:      uniq_maurice
D:10:     uniq_joseph, uniq_grum, uniq_harold
D:11:     erik_lair_dragon, minivault_22, uniq_nergalle, uniq_psyche
D:12:     minmay_cornered_nines, erik_orc_4
D:13:     eino_house_with_fridge
D:14:     grunt_vaults_entry_tiered, minmay_crystal_room,
          bh_hangedman_babel_library
D:15:     hangedman_depths_entry_try_elsewhere_first, uniq_azrael
Lair:1:   minivault_27, patterned_corridor, grunt_megastairs_1
Lair:2:   dpeg_oklob_gauntlet
Lair:3:   minmay_snake_entry_guardpost_large
Lair:4:   minmay_swamp_entry_reptiles, lab_entry_generic, minivault_29,
          uniq_nessos, uniq_sonja
Lair:5:   serial_bayou_shore_b
Lair:6:   grunt_lair_end_beastmaster, minmay_slime_entry_pillars
Swamp:1:  evilmike_swamp_ruin_house_3, infiniplex_staircase_pool_2
Swamp:2:  nicolae_swamp_treefoil
Swamp:3:  evilmike_swamp_ruin_house_1, nicolae_swamp_alligator_family
Orc:1:    cheibrodos_orc_arena, basic_altar
Orc:2:    st_orc_congregation
Lab:      labyrinth_spiral, nicolae_lab_do_over


Message History

The hornet seems less confused.
The alligator closely misses you. The alligator misses you.
You bludgeon the alligator!!
The alligator is almost dead.
The alligator bites you!
* * * LOW HITPOINT WARNING * * *
The alligator closely misses you.
You closely miss the alligator.
The alligator is almost dead.
The hornet barely misses you. The alligator bites you!
* * * LOW HITPOINT WARNING * * *
The alligator closely misses you.
You barely miss the alligator.
The alligator is severely wounded.
The hornet stings you!
* * * LOW HITPOINT WARNING * * *
Xom is mildly amused.
You are poisoned.
The alligator bites you!
You die...

Notes
Turn   | Place    | Note
-------+----------+-------------------------------------------
     0 | D:1      | Serpenta the Ogre Chaos Knight began the quest for the Orb.
     0 | D:1      | Reached XP level 1. HP: 24/24 MP: 1/1
    67 | D:1      | Reached skill level 3 in Maces & Flails
   125 | D:1      | Reached XP level 2. HP: 32/32 MP: 2/2
   180 | D:1      | XOM: harmless Necr miscast
   284 | D:1      | XOM: cloud trail
   500 | D:1      | XOM: mild Chrm miscast
   527 | D:1      | XOM: medium Necr miscast
   528 | D:1      | Noticed a shadow
   528 | D:1      | Noticed a shadow
   871 | D:1      | XOM: give mutations
   871 | D:1      | Gained mutation: You expend magic power (3 MP) to strengthen your wands. [Xom's mischief]
   871 | D:1      | Gained mutation: Scrolls take you a little longer to read. [Xom's mischief]
   871 | D:1      | Gained mutation: You are frail. (-10% HP) [Xom's mischief]
   871 | D:1      | Gained mutation: Your spells are a little harder to cast, but a little more powerful. [Xom's mischief]
   914 | D:1      | Reached XP level 3. HP: 35/35 MP: 3/3
  1541 | D:2      | Found a stormy altar of Qazlal.
  1640 | D:2      | Reached skill level 1 in Evocations
  1855 | D:2      | XOM: polymorph hobgoblin -> adder
  1875 | D:2      | Reached XP level 4. HP: 7/43 MP: 4/4
  1902 | D:2      | Reached skill level 4 in Maces & Flails
  2004 | D:2      | XOM: 10-stop teleportation journey
  2314 | D:2      | XOM: god gift: iron ring {god gift}
  2326 | D:2      | XOM: scenery: create altars
  2898 | D:2      | XOM: cloud trail
  2919 | D:3      | Noticed sexinstructor's ghost (amateur GrFi)
  2919 | D:3      | XOM: noise
  2922 | D:3      | XOM: summons friendly white imp
  2926 | D:3      | XOM: divination: magic mapping
  3006 | D:4      | XOM: noise
  3012 | D:4      | Reached XP level 5. HP: 43/48 MP: 6/6
  3047 | D:3      | XOM: summons friendly crimson imp
  3132 | D:3      | XOM: scenery: 1 doors open, 1 doors close
  3178 | D:3      | Found a shimmering altar of Xom.
  3183 | D:3      | XOM: cleaving
  3224 | D:3      | Reached XP level 6. HP: 49/55 MP: 7/7
  3231 | D:3      | Reached skill level 5 in Maces & Flails
  3424 | D:3      | XOM: medium Tloc miscast
  3703 | D:3      | XOM: harmless Pois miscast
  3828 | D:3      | XOM: confuse monster(s)
  3831 | D:3      | XOM: cleaving
  3844 | D:3      | XOM: summons 2 friendly demons
  4050 | D:3      | Noticed Terence
  4155 | D:3      | Killed Terence
  4176 | D:3      | Noticed Robin
  4205 | D:3      | Killed Robin
  4488 | D:4      | XOM: summons 6 friendly demons
  4492 | D:4      | Found Elicew's Elemental Accessories.
  4495 | D:4      | Reached XP level 7. HP: 47/63 MP: 9/9
  4704 | D:4      | XOM: cleaving
  4712 | D:4      | XOM: harmless Tmut miscast
  4924 | D:4      | Found a staircase to the Ecumenical Temple.
  5030 | D:4      | Reached skill level 6 in Maces & Flails
  5185 | D:4      | XOM: enchant monster (good)
  5433 | D:4      | XOM: noise
  5672 | D:5      | Entered Level 5 of the Dungeon
  5763 | D:5      | XOM: god gift: 14 stones {god gift}
  5823 | D:5      | XOM: give mutations
  5823 | D:5      | Gained mutation: You have a pair of small horns on your head. [Xom's grace]
  5823 | D:5      | Gained mutation: Your flesh is heat resistant. (rF+) [Xom's grace]
  5823 | D:5      | Lost mutation: You are frail. (-10% HP) [Xom's grace]
  5823 | D:5      | Gained mutation: You are partially covered in icy blue scales. (AC +2) [Xom's grace]
  6042 | D:5      | Reached XP level 8. HP: 78/78 MP: 11/11
  6144 | D:5      | XOM: mild Tmut miscast
  6631 | D:6      | Reached skill level 7 in Maces & Flails
  6658 | D:6      | XOM: cast spell 'Shadow Creatures'
  6779 | D:6      | Reached skill level 5 in Evocations
  6838 | D:6      | XOM: potion effect (agility)
  6911 | D:6      | Found a bloodstained altar of Trog.
  6931 | D:6      | Reached skill level 8 in Maces & Flails
  7011 | D:6      | XOM: enchant monster (good)
  7018 | D:6      | XOM: smoke on damage
  7298 | D:6      | Got a translucent mace
  7299 | D:6      | Identified the cursed +3 mace of Elygab {flame, *Corrode +Rage rElec Str+7} (You found it on level 6 of the Dungeon)
  7314 | D:6      | Found a runed door.
  7520 | D:6      | XOM: god gift: twisted smoking staff {god gift}
  7572 | D:6      | XOM: give mutation
  7572 | D:6      | Gained mutation: You are partially covered in iridescent scales. (AC +2) [Xom's grace]
  7604 | D:6      | Noticed Crazy Yiuf
  7608 | D:6      | Killed Crazy Yiuf
  7650 | D:7      | Reached XP level 9. HP: 84/84 MP: 6/13
  7743 | D:7      | XOM: divination: detect creatures
  7768 | D:7      | XOM: god gift: 12 gold pieces {god gift}
  7802 | D:7      | Reached skill level 9 in Maces & Flails
  8001 | D:7      | XOM: give mutations
  8001 | D:7      | Gained mutation: You are frail. (-10% HP) [Xom's mischief]
  8001 | D:7      | Gained mutation: You are dopey. (Int -2) [Xom's mischief]
  8056 | D:7      | XOM: divination: detect creatures
  8282 | D:7      | XOM is BORED!
  8282 | D:7      | XOM: mild Tmut miscast
  8392 | D:7      | XOM: mild Fire miscast
  8466 | D:7      | XOM: silly message
  8561 | D:7      | XOM: potion effect (agility)
  8576 | D:7      | XOM: potion effect (haste)
  8577 | D:7      | XOM: potion effect (curing)
  8598 | D:7      | XOM: divination: detect creatures
  8612 | D:7      | Reached skill level 10 in Maces & Flails
  9032 | D:8      | Found a basalt altar of Yredelemnul.
  9140 | D:8      | Reached XP level 10. HP: 76/82 MP: 11/14
  9217 | D:8      | Reached skill level 11 in Maces & Flails
  9264 | D:8      | XOM: harmless Hex miscast
  9473 | D:8      | XOM: silly message
  9503 | D:8      | XOM: scenery: 2 doors close
  9600 | D:8      | XOM: scenery: 1 doors close
  9686 | D:8      | XOM: give mutation
  9686 | D:8      | Gained mutation: Your flesh is cold resistant. (rC+) [Xom's grace]
  9917 | D:9      | XOM: give mutations
  9917 | D:9      | Gained mutation: Your spells are harder to cast, but more powerful. [Xom's grace]
  9917 | D:9      | Gained mutation: You passively map a small area around you. [Xom's grace]
  9917 | D:9      | Lost mutation: You are dopey. (Int -2) [Xom's grace]
  9965 | D:9      | Paralysed by fainting for 7 turns
 10185 | D:9      | XOM: 6-stop teleportation journey
 10462 | D:9      | Noticed Maurice
 10469 | D:9      | Killed Maurice
 10579 | D:9      | XOM: 1-stop teleportation journey
 10653 | D:9      | Reached skill level 12 in Maces & Flails
 10787 | D:9      | XOM: god gift: book of Battle {god gift}
 10971 | D:9      | XOM: 2-stop teleportation journey
 11235 | D:9      | XOM: severe Necr miscast
 11292 | D:9      | XOM: cloud trail
 11517 | D:9      | XOM: god gift: scroll labeled JAIBIM WYHY {god gift}
 11815 | D:10     | Entered Level 10 of the Dungeon
 11912 | D:10     | XOM: confuse monster(s)
 11917 | D:10     | Noticed Joseph
 11930 | D:10     | Killed Joseph
 11986 | D:10     | XOM: 3-stop teleportation journey
 11990 | D:10     | XOM: summons 7 friendly demons
 12061 | D:10     | XOM: confuse monster(s)
 12118 | D:10     | XOM: give mutation
 12118 | D:10     | Gained mutation: You are somewhat resistant to further mutation. [Xom's grace]
 12203 | D:10     | Reached skill level 13 in Maces & Flails
 12269 | D:10     | Reached XP level 11. HP: 45/87 MP: 15/15
 12575 | D:10     | XOM: give mutations
 12575 | D:10     | Gained mutation: You can translocate small distances at will. [Xom's grace]
 12575 | D:10     | Gained mutation: You are somewhat resistant to both further mutation and mutation removal. [Xom's grace]
 12650 | D:10     | Noticed Grum
 12650 | D:10     | Noticed a two-headed ogre
 12658 | D:10     | Killed Grum
 12660 | D:10     | XOM: divination: detect items
 13016 | D:10     | Noticed Harold
 13017 | D:10     | XOM: destruction
 13019 | D:10     | XOM: fog
 13034 | D:10     | Killed Harold
 13308 | D:11     | Noticed Psyche
 13550 | D:11     | Killed Psyche
 13620 | D:11     | Reached skill level 14 in Maces & Flails
 13622 | D:11     | XOM: smoke on damage
 13922 | D:11     | Noticed a two-headed ogre
 13928 | D:11     | Killed a two-headed ogre
 14099 | D:11     | XOM: divination: magic mapping
 14173 | D:11     | XOM: enchant monster (good)
 14341 | D:11     | Noticed Nergalle
 14341 | D:11     | XOM: cast spell 'Call Canine Familiar'
 14348 | D:11     | Noticed Nergalle
 14348 | D:11     | Nergalle changed into Nergalle the water nymph
 14353 | D:11     | Killed Nergalle the water nymph
 14610 | D:11     | Noticed a two-headed ogre
 14613 | D:11     | XOM: polymorph wyvern -> steam dragon
 14618 | D:11     | Killed a two-headed ogre
 14772 | D:11     | Noticed a cyclops
 14787 | D:11     | XOM: enchant monster (bad)
 14791 | D:11     | Killed a cyclops
 14791 | D:11     | Reached skill level 15 in Maces & Flails
 15332 | D:11     | Noticed a two-headed ogre
 15348 | D:11     | Killed a two-headed ogre
 15354 | D:11     | XOM: mild Conj miscast
 15356 | D:11     | Reached XP level 12. HP: 51/93 MP: 16/16
 15367 | D:11     | XOM: cloud trail
 15378 | D:11     | XOM: harmless Necr miscast
 15470 | D:11     | Noticed a two-headed ogre
 15473 | D:11     | XOM: divination: detect items
 15477 | D:11     | Killed a two-headed ogre
 15676 | D:11     | Found a staircase to the Lair.
 15907 | D:12     | XOM is BORED!
 15907 | D:12     | XOM: harmless Tloc miscast
 15913 | D:12     | XOM: silly message
 15917 | D:12     | XOM: divination: detect items
 16032 | D:12     | Reached skill level 5 in Fighting
 16037 | D:12     | XOM: divination: magic mapping
 16285 | D:12     | XOM: harmless Air miscast
 16734 | D:12     | XOM: noise
 16755 | D:12     | XOM: confuse monster(s)
 17187 | D:12     | XOM: silly message
 17195 | D:11     | Reached skill level 16 in Maces & Flails
 17236 | D:11     | XOM: god gift: book of Geomancy {god gift}
 17346 | D:12     | XOM: give mutations
 17346 | D:12     | Gained mutation: You are surrounded by a mild repulsion field. (EV +2) [Xom's grace]
 17346 | D:12     | Lost mutation: Scrolls take you a little longer to read. [Xom's grace]
 17346 | D:12     | Gained mutation: You have supernaturally acute eyesight. (SInv) [Xom's grace]
 17346 | D:12     | Gained mutation: You have large cloven feet. [Xom's grace]
 17346 | D:12     | Gained mutation: You have a pair of horns on your head. [Xom's grace]
 17359 | D:12     | Found a staircase to the Orcish Mines.
 17374 | D:11     | XOM: divination: detect creatures
 17431 | D:12     | XOM is BORED!
 17431 | D:12     | XOM: summons 5 hostile demons
 17437 | D:12     | XOM: scenery: create altars
 17549 | D:12     | XOM: scenery: create altars
 17551 | D:12     | XOM: fog
 17554 | D:12     | XOM: give mutations
 17554 | D:12     | Gained mutation: You are agile. (Dex +2) [Xom's grace]
 17554 | D:12     | Gained mutation: You are very agile. (Dex +4) [Xom's grace]
 17689 | D:12     | XOM: summons friendly ufetubus
 17757 | D:12     | Noticed a two-headed ogre
 17762 | D:12     | XOM: summons 4 friendly demons
 17763 | D:12     | Killed a two-headed ogre
 17763 | D:12     | Reached skill level 10 in Fighting
 17902 | D:12     | XOM: harmless Tloc miscast
 18010 | D:12     | XOM: mild Ice miscast
 18051 | D:12     | Reached XP level 13. HP: 109/119 MP: 17/17
 18188 | D:12     | XOM: cloud trail
 18442 | D:13     | XOM: harmless Summ miscast
 18596 | D:13     | XOM: 2-stop teleportation journey
 18668 | D:13     | XOM: noise
 18773 | D:13     | Learned a level 2 spell: Blink
 18776 | D:13     | Learned a level 2 spell: Passwall
 18833 | D:13     | XOM: cast spell 'Summon Mana Viper'
 18887 | D:13     | XOM: god gift: 8 tomahawks of dispersal {god gift}
 19044 | D:13     | XOM: scenery: 1 fountains blood, 1 doors close
 19255 | D:14     | XOM: potion effect (heal wounds)
 19303 | D:14     | XOM: butterfly on damage
 19318 | D:14     | XOM: mild Tloc miscast
 19454 | D:14     | XOM: god gift: ration {god gift}
 19687 | D:14     | XOM: god gift: notched iron ring {god gift}
 19836 | D:14     | XOM: confuse monster(s)
 19986 | D:14     | XOM: silly message
 20057 | D:14     | Reached skill level 5 in Dodging
 20316 | D:14     | Found a gate to the Vaults.
 20316 | D:14     | Noticed a vault guard
 20316 | D:14     | Noticed a vault guard
 20317 | D:14     | XOM: confusion (+ monsters)
 20322 | D:14     | XOM: summons 2 friendly demons
 20330 | D:14     | XOM: summons 3 friendly demons
 20337 | D:14     | Killed a vault guard
 20338 | D:14     | Reached skill level 17 in Maces & Flails
 20505 | D:14     | Killed a vault guard
 20848 | D:14     | XOM: silly message
 21028 | D:14     | Identified the Volume of Axaxaxas mlö
 21035 | D:14     | Identified Sif Muna's Papyrus of Plaster Cramp
 21131 | D:14     | Identified Ts'ui Pên's Volume of Forking Paths
 21568 | D:14     | XOM: scenery: create altars
 21631 | D:15     | Entered Level 15 of the Dungeon
 21642 | D:14     | Reached XP level 14. HP: 109/134 MP: 18/18
 21733 | D:14     | XOM: cloud trail
 21858 | D:15     | Noticed Amnesiac's ghost (journeyman TeAE)
 21859 | D:15     | XOM: fog
 22185 | Orc:1    | XOM: stealth player
 22185 | Orc:1    | Entered Level 1 of the Orcish Mines
 22398 | D:12     | XOM: scenery: create altars
 22632 | Orc:1    | XOM: polymorph orc -> goblin
 22637 | Orc:1    | Noticed an orc warlord
 22664 | D:12     | Killed an orc warlord
 22933 | Orc:2    | Entered Level 2 of the Orcish Mines
 23012 | Orc:1    | XOM: god gift: short sword {god gift}
 23433 | Orc:2    | XOM: divination: detect creatures
 23517 | Orc:2    | XOM is BORED!
 23517 | Orc:2    | XOM: give mutations
 23517 | Orc:2    | Lost mutation: You are frail. (-10% HP) [Xom's mischief]
 23517 | Orc:2    | Lost mutation: You have supernaturally acute eyesight. (SInv) [Xom's mischief]
 23517 | Orc:2    | Lost mutation: Your spells are harder to cast, but more powerful. [Xom's mischief]
 23517 | Orc:2    | Lost mutation: You have a pair of horns on your head. [Xom's mischief]
 23532 | Orc:2    | XOM: cast spell 'Leda's Liquefaction'
 23692 | Orc:2    | XOM: divination: detect creatures
 23920 | Orc:2    | XOM: summons friendly iron imp
 24182 | Orc:2    | Noticed an orc warlord
 24204 | Orc:2    | XOM: blink monster(s)
 24213 | Orc:2    | Killed an orc warlord
 24255 | Orc:2    | Found a staircase to the Elven Halls.
 24255 | Orc:2    | XOM: 4-stop teleportation journey
 24406 | Orc:2    | XOM: 9-stop teleportation journey
 24510 | Orc:2    | XOM: cleaving
 24512 | Orc:2    | XOM: fog
 24513 | Orc:2    | Paralysed by an orc sorcerer for 4 turns
 24548 | Orc:2    | XOM: silly message
 24565 | Orc:2    | XOM: harmless Erth miscast
 24773 | Orc:1    | XOM is BORED!
 24773 | Orc:1    | XOM: harmless Ice miscast
 24819 | Orc:1    | Found a roughly hewn altar of Beogh.
 24900 | Orc:1    | XOM: enchant monster (bad)
 25086 | Orc:1    | XOM: chaos upgrade
 25143 | Orc:1    | XOM: draining
 25150 | Orc:1    | XOM: chaos cloud
 25213 | Orc:1    | XOM is BORED!
 25236 | Orc:2    | XOM: god gift: wand of disintegration (15) {god gift}
 25334 | Orc:2    | Found Peorgh Le Her's General Store.
 25335 | Orc:2    | Found Qixtu's Jewellery Emporium.
 25336 | Orc:2    | Found Noprapri's Antique Armour Emporium.
 25336 | Orc:2    | Found Paecw's Antique Weapon Shoppe.
 25352 | Orc:2    | Reached skill level 18 in Maces & Flails
 25376 | Orc:2    | Bought a scroll of brand weapon for 280 gold pieces
 25379 | Orc:2    | Bought the ring of Sin {rC+ MR+ Str+5 Dex+4 Stlth+} for 1067 gold pieces
 25379 | Orc:2    | Bought an uncursed ring of poison resistance for 360 gold pieces
 25692 | D:9      | XOM: give mutations
 25692 | D:9      | Lost mutation: You can translocate small distances at will. [Xom's mischief]
 25692 | D:9      | Lost mutation: You passively map a small area around you. [Xom's mischief]
 25776 | D:3      | Found a shimmering altar of Xom.
 25872 | D:3      | XOM: silly message
 26102 | D:3      | Killed sexinstructor's ghost
 26327 | Lair:1   | Entered Level 1 of the Lair of Beasts
 26506 | Lair:1   | XOM: polymorph yak -> komodo dragon
 26584 | Lair:1   | XOM: 1-stop teleportation journey
 26610 | Lair:1   | XOM: god gift: scroll of teleportation {god gift}
 27117 | Lair:1   | Identified a scroll of acquirement
 27461 | Lair:2   | XOM: god gift: potion of resistance {god gift}
 27496 | Lair:2   | XOM: chaos cloud
 27498 | Lair:2   | Paralysed by you for 5 turns
 28051 | Lair:2   | XOM: blink monster(s)
 28111 | Lair:2   | XOM: mild Necr miscast
 28130 | Lair:2   | XOM: mild Tloc miscast
 28311 | Lair:3   | XOM: enchant monster (bad)
 28406 | Lair:3   | Reached XP level 15. HP: 152/156 MP: 19/19
 28412 | Lair:3   | XOM: polymorph water moccasin -> hog
 28581 | Lair:3   | XOM: give mutations
 28581 | Lair:3   | Lost mutation: You expend magic power (3 MP) to strengthen your wands. [Xom's mischief]
 28581 | Lair:3   | Lost mutation: You are very agile. (Dex +4) [Xom's mischief]
 28611 | Lair:3   | Found a staircase to the Snake Pit.
 28658 | Lair:3   | Reached skill level 10 in Dodging
 28811 | Lair:3   | XOM: scenery: create altars
 29025 | Lair:4   | Noticed Sonja
 29030 | Lair:4   | Killed Sonja
 29042 | Lair:4   | Found a labyrinth entrance.
 29051 | Lab      | Entered a labyrinth
 29456 | Lair:4   | XOM: harmless Necr miscast
 29772 | Lair:4   | XOM: mild Tloc miscast
 29967 | Lair:4   | XOM: summons friendly ufetubus
 30079 | Lair:4   | Noticed Nessos
 30087 | Lair:4   | Killed Nessos
 30202 | Lair:4   | Found a staircase to the Swamp.
 30448 | Lair:4   | XOM is BORED!
 30665 | Lair:5   | Reached skill level 19 in Maces & Flails
 30902 | Lair:5   | XOM: noise
 30965 | Lair:5   | XOM: 1-stop teleportation journey
 31528 | Lair:5   | XOM: mild Necr miscast
 31602 | Lair:6   | Entered Level 6 of the Lair of Beasts
 31608 | Lair:6   | XOM: noise
 31635 | Lair:6   | XOM: polymorph crocodile -> wolf
 31637 | Lair:6   | XOM: confuse monster(s)
 31644 | Lair:6   | XOM: enchant monster (bad)
 32060 | Lair:6   | Learned a level 1 spell: Apportation
 32064 | Lair:6   | Learned a level 3 spell: Lesser Beckoning
 32068 | Lair:6   | Learned a level 3 spell: Regeneration
 32079 | Lair:6   | XOM: potion effect (berserk rage)
 32170 | Lair:6   | XOM: divination: magic mapping
 32185 | Lair:6   | XOM: harmless Pois miscast
 32492 | Lair:6   | Reached XP level 16. HP: 158/165 MP: 20/20
 32603 | Lair:6   | Reached skill level 20 in Maces & Flails
 32619 | Lair:6   | XOM: enchant monster (good)
 32620 | Lair:6   | XOM: confuse monster(s)
 32662 | Lair:6   | XOM: give mutations
 32662 | Lair:6   | Gained mutation: You are resistant to hostile enchantments. (MR+) [Xom's grace]
 32662 | Lair:6   | Gained mutation: Your flesh is very cold resistant. (rC++) [Xom's grace]
 32793 | Lair:6   | XOM: scenery: create altars
 32875 | Lair:6   | XOM: potion effect (brilliance)
 32901 | Lair:6   | XOM: god gift: 640 gold pieces {god gift}
 32954 | Lair:6   | XOM: potion effect (invisibility)
 33007 | Lair:6   | Found a staircase to the Slime Pits.
 33614 | Lair:2   | XOM is BORED!
 33614 | Lair:2   | XOM: stat loss: -1 Dex (18/19)
 33695 | Lair:2   | XOM: summons friendly crimson imp
 33713 | Lair:2   | XOM: scenery: create altars
 33752 | Lair:2   | XOM: god gift: glowing flail {god gift}
 33776 | Lair:2   | XOM: summons 5 hostile demons
 33895 | Swamp:1  | Entered Level 1 of the Swamp
 33993 | Swamp:1  | XOM: mild Air miscast
 34059 | Swamp:1  | XOM: enchant monster (good)
 34145 | Swamp:1  | XOM: potion effect (curing)
 34225 | Swamp:1  | XOM: enchant monster (good)
 34253 | Swamp:1  | XOM: swap monsters
 34282 | Swamp:1  | XOM: summons friendly shadow imp
 34685 | Swamp:1  | XOM: enchant monster (bad)
 34702 | Swamp:1  | XOM: harmless Erth miscast
 34719 | Swamp:1  | XOM: noise
 35045 | Swamp:1  | XOM: medium Tloc miscast
 35203 | Swamp:1  | XOM: give mutations
 35203 | Swamp:1  | Lost mutation: You are partially covered in icy blue scales. (AC +2) [Xom's mischief]
 35203 | Swamp:1  | Lost mutation: You have a pair of small horns on your head. [Xom's mischief]
 35443 | Swamp:1  | Reached skill level 21 in Maces & Flails
 35605 | Swamp:1  | XOM: give mutations
 35605 | Swamp:1  | Lost mutation: You are partially covered in iridescent scales. (AC +2) [Xom's mischief]
 35605 | Swamp:1  | Gained mutation: Your mind is acute. (Int +2) [Xom's mischief]
 35605 | Swamp:1  | Lost mutation: You have large cloven feet. [Xom's mischief]
 35864 | Swamp:2  | XOM: cast spell 'Call Canine Familiar'
 36104 | Swamp:2  | XOM: harmless Summ miscast
 36202 | Swamp:2  | XOM: potion effect (invisibility)
 36462 | Swamp:2  | XOM: divination: magic mapping
 36763 | Swamp:2  | XOM: cast spell 'Summon Butterflies'
 36926 | Swamp:3  | XOM: harmless Tloc miscast
 36949 | Swamp:3  | XOM: divination: magic mapping
 36952 | Swamp:3  | XOM: cast spell 'Ring of Flames'
 37047 | Swamp:3  | XOM: enchant monster (good)
 37055 | Swamp:3  | Paralysed by a hornet for 2 turns
 37065 | Swamp:3  | XOM: blink monster(s)
 37107 | Swamp:3  | HP: 7/165 [hornet[a spriggan druid] (10)]
 37107 | Swamp:3  | Mangled by an alligator
